 Dungeon Crawl Stone Soup version 0.30-a0-586-g23e55c9e0a (webtiles) character file.

Game seed: 4787281430040683330

597 tilp the Covered (level 8, -6/65 (67) HPs)
             Began as a Meteoran Fighter on Jan 3, 2023.
             Killed by divine providence
             ... invoked by an orc priest
              (11 damage)
             ... on level 7 of the Dungeon.
             The game lasted 00:06:44 (1249 turns).

tilp the Covered (Meteoran Fighter)                 Turns: 1249, Time: 00:06:44

HP:   -6/65 (67)    AC:  8    Str: 17 (18) XL:     8   Next: 0%
MP:   9/9           EV: 11    Int:  8 (9)  God:
Gold: 34            SH:  5    Dex: 13 (16) Spells: 7/7 levels left

rFire   . . .      SeeInvis .    a - +0 long sword
rCold   . . .      Faith    .    c - +0 buckler
rNeg    . . .      Spirit   .    b - +0 scale mail
rPois   .          Reflect  .    (no helmet)
rElec   .          Harm     .    (no cloak)
rCorr   .          Rampage  .    q - +0 pair of gloves
Will    +....                    (no boots)
Stlth   +                        (no amulet)
HPRegen 0.30/turn                (no ring)
MPRegen 0.11/turn                (no ring)

@: marked, glowing, lightly drained
A: sense surroundings 1, otherworldly, glowing, explore regen
a: no special abilities


You were on level 7 of the Dungeon.
You visited 1 branch of the dungeon, and saw 8 of its levels.

You collected 102 gold pieces.
You spent 68 gold pieces at shops.

Inventory:

Hand Weapons
 a - a +0 long sword (weapon)
 s - a +0 long sword
Missiles
 m - 5 stones (quivered)
 r - 5 boomerangs
Armour
 b - a +0 scale mail (worn)
 c - a +0 buckler (worn)
 g - a +0 plate armour
 q - a +0 pair of gloves (worn)
Jewellery
 n - a +6 ring of intelligence
Scrolls
 d - a scroll of amnesia {unknown}
 e - 2 scrolls of teleportation {unknown}
 h - 3 scrolls of identify {unknown}
 k - 2 scrolls of poison {unknown}
 l - 2 scrolls of magic mapping {unknown}
 o - a scroll of summoning {unknown}
 p - a scroll of blinking {unknown}
 u - a scroll of immolation {unknown}
 v - a scroll of enchant armour {unknown}
Potions
 f - a potion of degeneration
 j - a potion of lignification {unknown}
 t - 3 potions of flight {unknown}
 w - a potion of mutation {unknown}
 x - a potion of curing {unknown}


   Skills:
 + Level 4.5 Fighting
 + Level 4.6 Long Blades
 + Level 2.0 Throwing
 + Level 4.7 Armour
 + Level 4.6 Dodging
 + Level 2.5 Stealth
 - Level 4.0 Shields


You had 7 spell levels left.
You didn't know any spells.
Your spell library was empty.

Dungeon Overview and Level Annotations

Branches:
Dungeon (9/15) Zot: 3494
 Temple: D:4-7         Lair: D:8-11         Orc: D:9-12

Altars:
Nemelex Xobeh

Shops:
D:8 *

Annotations:
D:3 1 runed translucent door, ThereIsNoGod's ghost, amateur OpFi
D:9 Erica


Innate Abilities, Weirdness & Mutations

You passively map a small area around you.
You are easily found by Zot.
You glow in the dark.
You regain HP and MP as you explore.


Message History

The orc hits you with a +0 hand axe.
You hit the orc but do no damage.
The orc is severely wounded.
The orc hits you with a +0 hand axe.
The orc complains to no one in particular.
The orc hits you but does no damage.
You hit the orc.
You kill the orc!
You have reached level 8!
Okay, then.
You hit the orc.
The orc is severely wounded.
The orc hits you with a +0 club.
* * * LOW HITPOINT WARNING * * *
An orc priest comes into view. It is wielding a +0 short sword.
You barely miss the orc.
The orc is severely wounded.
The orc hits you with a +0 club.
* * * LOW HITPOINT WARNING * * *
You feel much better. The orc barely misses you.
You slash the orc!
You kill the orc!
The orc priest mumbles some strange prayers to Beogh against you.
Beogh smites you!
* * * LOW HITPOINT WARNING * * *
The bullfrog misses you.
The orc priest calls down the wrath of Beogh upon you.
Beogh smites you!
* * * LOW HITPOINT WARNING * * *
You slash the bullfrog!
The bullfrog is moderately wounded.
You block the bullfrog's attack. x2
An orc comes into view. It is wielding a +0 flail.
You closely miss the bullfrog.
The bullfrog is moderately wounded.
You block the bullfrog's attack. The bullfrog hits you.
* * * LOW HITPOINT WARNING * * *
The orc priest invokes the aid of Beogh against you.
Beogh smites you!
You die...

** * * #.# * ,, ,
, #.# ,, , #.# ,
, , #.# ,. , #.#
,.. * * * #.# ...
#.# .... #.#
,.....* #@#
,......###### #F#
....h......# #o#
..h..#####.####o#
... * #...>oo# .
* ####.### , * *
...# , , #.### ,
, #.


You could see a bullfrog, an orc priest and 3 orcs.

Vanquished Creatures
  A black bear (D:4)
  A centaur (D:8)
  A wight (D:8)
  2 hounds
  5 orc priests
  An iguana (D:4)
  An orc wizard (D:4)
  A gnoll (D:1)
  4 adders
  3 worms
  9 orcs
  4 bats
  3 endoplasms
  A giant cockroach (D:4)
  2 goblins (D:1)
  7 hobgoblins
  6 kobolds
  2 quokkas
  3 ball pythons
  2 frilled lizards (D:3)
  2 rats
61 creatures vanquished.

Notes
Turn   | Place    | Note
-------+----------+-------------------------------------------
     0 | D:1      | tilp the Meteoran Fighter began the quest for the Orb.
     0 | D:1      | Reached XP level 1. HP: 19/19 MP: 2/2
    75 | D:1      | Reached XP level 2. HP: 26/26 MP: 3/3
    99 | D:1      | Reached skill level 1 in Dodging
    99 | D:1      | Reached XP level 3. HP: 19/31 MP: 4/4
   258 | D:3      | Found a sparkling altar of Nemelex Xobeh.
   342 | D:3      | Reached XP level 4. HP: 16/38 MP: 5/5
   351 | D:3      | Noticed ThereIsNoGod's ghost (amateur OpFi)
   352 | D:3      | Found a runed translucent door.
   444 | D:3      | Reached skill level 1 in Stealth
   444 | D:3      | Reached XP level 5. HP: 27/46 MP: 6/6
   685 | D:5      | Entered Level 5 of the Dungeon
   724 | D:4      | Noticed a black bear
   728 | D:4      | Killed a black bear
   729 | D:4      | Reached XP level 6. HP: 48/52 MP: 7/7
   868 | D:4      | Reached XP level 7. HP: 58/59 MP: 8/8
   911 | D:4      | Reached skill level 1 in Throwing
  1041 | D:4      | You fall into a shaft and drop 3 floors!
  1169 | D:8      | Found Sikkoaniuph's Assorted Antiques.
  1172 | D:8      | Bought an orange potion for 32 gold pieces
  1172 | D:8      | Bought a scroll labelled RALYEM LO SUEB for 36 gold pieces
  1180 | D:9      | Noticed Erica
  1244 | D:7      | Reached XP level 8. HP: 28/65 MP: 9/9
  1249 | D:7      | Killed from afar by an orc priest

Illustrated notes

Levels and vault maps discovered:
D:1:      minmay_arrival_wavy_path, layout_basic, basic_ecumenical_altar
D:2:      layout_rooms, uniq_jessica
D:3:      layout_rooms, mainiacjoe_overflow_small_starburst,
          hellmonk_ghost_happy_afterlife
D:4:      layout_loops_ring, old_standard_altar, minmay_bent
D:5:      layout_rooms, grunt_temple_overflow_order_and_chaos_2, temple_statues,
          uniq_ijyb, uniq_blork_the_orc
D:7:      layout_basic, serial_shops, nicolae_shop_waterfront,
          nicolae_square_shop, nicolae_shop_crystal, nicolae_shop_vocational
D:8:      layout_gridville, serial_shops, nicolae_shop_crystal,
          kennysheep_decorative_pillar, dk_noncrumbling_4
D:9:      layout_cave_pools, serial_demonic, serial_demonic_b, serial_demonic_a,
          serial_demonic_d, serial_demonic_g, gammafunk_ghost_grave,
          minmay_fractal_squares_diagonal_5, uniq_erica

Skill      XL: |  1  2  3  4  5  6  7 |
---------------+----------------------+-----
Dodging        | 1 2 4 |  4.6
Long Blades    | 3 4 |  4.6
Armour         | 4 |  4.7
Stealth        | 1 2 |  2.5
Shields        | 4 |  4.0
Fighting       | 4 |  4.5
Throwing       | 2 |  2.0

Action                   |  1- 3 |  4- 6 |  7- 9 || total
-------------------------+-------+-------+-------++-------
Melee: Long sword        |    59 |    98 |   105 ||   262
Throw: Boomerang         |       |     1 |     1 ||     2
       Stone             |       |       |     1 ||     1
  Use: Potion            |       |     1 |     4 ||     5
Armor: Scale mail        |    21 |    47 |    46 ||   114
Dodge: Dodged            |    20 |    27 |    38 ||    85
Block: Buckler           |    18 |    27 |    38 ||    83

Table legend: (Time is in decaauts)
 A = Elapsed time spent in this place.
 B = Non-inter-level travel time spent in this place.
 C = Inter-level travel time spent in this place.
 D = Time resting spent in this place.
 E = Time spent auto-exploring this place.
 F = Levels seen in this place.
 G = Mean time per level.
                   A        B        C        D        E       F      G
               +--------+--------+--------+--------+--------+-----+--------+
         Total |   1304 |   1251 |     53 |      4 |      0 |   8 |  163.0 |
       Dungeon |   1304 |   1251 |     53 |      4 |      0 |   8 |  163.0 |
               +--------+--------+--------+--------+--------+-----+--------+

Top non-repeatable levels by time:
     D:3: 416 daAuts
     D:4: 374 daAuts
     D:1: 169 daAuts
     D:7: 141 daAuts
     D:2: 84 daAuts
     D:8: 75 daAuts
     D:5: 41 daAuts
     D:9: 1 daAuts
